TOP OF THE 1ST |
Aberdeen Ironbirds batting - Pitching for Vancouver Canadians : RHP Bobby O'Connell
|
Pitching: RHP Bobby O'Connell
|
|
Batting: RHB Ryan Bentz
|
0-0: Ground out U3 (Groundball, 23, EV 90.0 MPH)
|
Batting: LHB Chris Barrera
|
0-0: Ball 1-0: Swinging Strike 1-1: Foul Ball, location: 2F 1-2: Ball 2-2: Fly out, F9 (Flyball, 9D, EV 92.5 MPH)
|
Batting: RHB Graham Calvert
|
0-0: Swinging Strike 0-1: Fly out, F9 (Flyball, 89S, EV 72.5 MPH)
|
Top of the 1st over - 0 runs, 0 hits, 0 errors, 0 left on base; Aberdeen 0 - Vancouver 0 |
BOTTOM OF THE 1ST |
Vancouver Canadians batting - Pitching for Aberdeen Ironbirds : RHP Rick Bob Van Arsdale-Undercarriage
|
Pitching: RHP Rick Bob Van Arsdale-Undercarriage
|
|
Batting: LHB Tony Vitela
|
0-0: Called Strike 0-1: Swinging Strike 0-2: Foul Ball, location: 2F 0-2: Ground out U3 (Groundball, 3, EV 101.2 MPH)
|
Batting: RHB Manny Elizondo
|
0-0: Ball 1-0: Ground out 4-3 (Groundball, 4S, EV 76.2 MPH)
|
Batting: LHB Rodrigo Briceno
|
0-0: Foul Ball, location: 2F 0-1: Ball 1-1: Ball 2-1: Foul Ball, location: 2F 2-2: Foul Ball, location: 2F 2-2: Ball 3-2: Base on Balls
|
Batting: LHB Chris Fandino
|
0-0: Ball 1-0: Fly out, F8 (Flyball, 89S, EV 86.2 MPH)
|
Bottom of the 1st over - 0 runs, 0 hits, 0 errors, 1 left on base; Aberdeen 0 - Vancouver 0 |
TOP OF THE 2ND |
Aberdeen Ironbirds batting - Pitching for Vancouver Canadians : RHP Bobby O'Connell
|
Batting: RHB Han-seung Hah
|
0-0: Ball 1-0: Ball 2-0: Called Strike 2-1: Called Strike 2-2: Foul Ball, location: 2F 2-2: SINGLE (Groundball, 56D, EV 94.4 MPH)
|
Batting: LHB Chris Cohen
|
0-0: Swinging Strike Passed Ball! Han-seung Hah to second 0-1: Swinging Strike 0-2: Strikes out swinging
|
Batting: RHB Luis Roman
|
0-0: Called Strike 0-1: Swinging Strike 0-2: Strikes out looking
|
Batting: LHB Danny Schultz
|
0-0: Ground out 4-3 (Groundball, 34D, EV 101.9 MPH)
|
Top of the 2nd over - 0 runs, 1 hit, 0 errors, 1 left on base; Aberdeen 0 - Vancouver 0 |
BOTTOM OF THE 2ND |
Vancouver Canadians batting - Pitching for Aberdeen Ironbirds : RHP Rick Bob Van Arsdale-Undercarriage
|
Batting: RHB Selam Chimsima
|
0-0: Ball 1-0: Called Strike 1-1: Called Strike 1-2: Strikes out swinging
|
Batting: RHB Jorge Cruz
|
0-0: TRIPLE (Flyball, 78XD, EV 103.1 MPH)
|
Batting: RHB Dan Muns
|
0-0: Called Strike 0-1: Ball 1-1: Ground out 6-3 (Groundball, 6, EV 83.8 MPH) Jorge Cruz scores
|
Batting: RHB Luis Reyes
|
0-0: Called Strike 0-1: Ball 1-1: Called Strike 1-2: Ball 2-2: Foul Ball, location: 2F 2-2: Ground out 5-3 (Groundball, 56, EV 83.1 MPH)
|
Bottom of the 2nd over - 1 run, 1 hit, 0 errors, 0 left on base; Aberdeen 0 - Vancouver 1 |
TOP OF THE 3RD |
Aberdeen Ironbirds batting - Pitching for Vancouver Canadians : RHP Bobby O'Connell
|
Batting: RHB Tim Cleary
|
0-0: Ball 1-0: Foul Ball, location: 2F 1-1: Ball 2-1: Ball 3-1: Base on Balls
|
Batting: RHB Heihachiro Fujita
|
0-0: Ball 1-0: Called Strike 1-1: Called Strike 1-2: Fielders Choice at 2nd, 6-4 (Groundball, 56, EV 79.4 MPH)
|
Batting: RHB Ryan Bentz
|
0-0: Ball Heihachiro Fujita steals 2nd base 1-0: Ball 2-0: Ball 3-0: Base on Balls
|
Batting: LHB Chris Barrera
|
0-0: Foul Ball, location: 2F 0-1: Called Strike 0-2: Strikes out looking
|
Batting: RHB Graham Calvert
|
0-0: Fly out, F8 (Flyball, 8LD, EV 101.2 MPH)
|
Top of the 3rd over - 0 runs, 0 hits, 0 errors, 2 left on base; Aberdeen 0 - Vancouver 1 |
BOTTOM OF THE 3RD |
Vancouver Canadians batting - Pitching for Aberdeen Ironbirds : RHP Rick Bob Van Arsdale-Undercarriage
|
Batting: LHB Ron de Vos
|
0-0: SINGLE (Line Drive, 89S, EV 90.6 MPH)
|
Batting: LHB Tony Vitela
|
0-0: Called Strike Ron de Vos is caught stealing 2nd base 2-6 0-1: Ball 1-1: Foul Ball, location: 2F 1-2: Foul Ball, location: 2F 1-2: Ball 2-2: Fly out, F8 (Flyball, 8LXD, EV 89.4 MPH)
|
Batting: RHB Manny Elizondo
|
0-0: Ball 1-0: Ball 2-0: Swinging Strike 2-1: Swinging Strike 2-2: Ball 3-2: Strikes out looking
|
Bottom of the 3rd over - 0 runs, 1 hit, 0 errors, 0 left on base; Aberdeen 0 - Vancouver 1 |
TOP OF THE 4TH |
Aberdeen Ironbirds batting - Pitching for Vancouver Canadians : RHP Bobby O'Connell
|
Batting: RHB Han-seung Hah
|
0-0: Ball 1-0: DOUBLE (Line Drive, 5D, EV 95.6 MPH)
|
Batting: LHB Chris Cohen
|
0-0: Called Strike 0-1: Ground out U3 (Groundball, 3S, EV 82.5 MPH) Han-seung Hah to third
|
Batting: RHB Luis Roman
|
0-0: Ball 1-0: Ball 2-0: Ball 3-0: Ground out 6-3 (Groundball, 6M, EV 85.0 MPH) Han-seung Hah scores
|
Batting: LHB Danny Schultz
|
0-0: Ball 1-0: Ball 2-0: Called Strike 2-1: Swinging Strike 2-2: Strikes out swinging
|
Top of the 4th over - 1 run, 1 hit, 0 errors, 0 left on base; Aberdeen 1 - Vancouver 1 |
BOTTOM OF THE 4TH |
Vancouver Canadians batting - Pitching for Aberdeen Ironbirds : RHP Rick Bob Van Arsdale-Undercarriage
|
Batting: LHB Rodrigo Briceno
|
0-0: Called Strike 0-1: SINGLE (Groundball, 4D, EV 102.5 MPH)
|
Batting: LHB Chris Fandino
|
0-0: SINGLE (Line Drive, 7S, EV 92.5 MPH) Rodrigo Briceno to second
|
Batting: RHB Selam Chimsima
|
0-0: Swinging Strike 0-1: Swinging Strike 0-2: Ball 1-2: Ball 2-2: Ball 3-2: Base on Balls Rodrigo Briceno to third Chris Fandino to second
|
Batting: RHB Jorge Cruz
|
0-0: Fly out, F9 (Flyball, 9, EV 92.5 MPH) Lined into DP, 9-5 (Flyball, 9, EV 92.5 MPH)
|
Batting: RHB Dan Muns
|
0-0: Ball 1-0: SINGLE (Groundball, 34D, EV 93.8 MPH) Chris Fandino to third Selam Chimsima to second
|
Batting: RHB Luis Reyes
|
0-0: Ball 1-0: Fielders Choice at 2nd, 5-4 (Groundball, 56, EV 86.2 MPH)
|
Bottom of the 4th over - 0 runs, 3 hits, 0 errors, 3 left on base; Aberdeen 1 - Vancouver 1 |
TOP OF THE 5TH |
Aberdeen Ironbirds batting - Pitching for Vancouver Canadians : RHP Bobby O'Connell
|
Batting: RHB Tim Cleary
|
0-0: Ball 1-0: Swinging Strike 1-1: Called Strike 1-2: Foul Ball, location: 2F 1-2: Foul Ball, location: 2F 1-2: Strikes out swinging
|
Batting: RHB Heihachiro Fujita
|
0-0: Swinging Strike 0-1: Foul Ball, location: 2F 0-2: Foul Ball, location: 2F 0-2: Strikes out looking
|
Batting: RHB Ryan Bentz
|
0-0: Ball 1-0: Ball 2-0: Ball 3-0: Base on Balls
|
Batting: LHB Chris Barrera
|
0-0: Ball 1-0: Called Strike 1-1: Ground out 4-3 (Groundball, 34D, EV 110.0 MPH)
|
Top of the 5th over - 0 runs, 0 hits, 0 errors, 1 left on base; Aberdeen 1 - Vancouver 1 |
BOTTOM OF THE 5TH |
Vancouver Canadians batting - Pitching for Aberdeen Ironbirds : RHP Rick Bob Van Arsdale-Undercarriage
|
Batting: LHB Ron de Vos
|
0-0: Ball 1-0: Ball 2-0: Foul Ball, location: 2F 2-1: Swinging Strike 2-2: Foul Ball, location: 2F 2-2: Ball 3-2: Strikes out swinging
|
Batting: LHB Tony Vitela
|
0-0: Ball 1-0: Foul Ball, location: 2F 1-1: Ground out 4-3 (Groundball, 4, EV 103.8 MPH)
|
Batting: RHB Manny Elizondo
|
0-0: Ball 1-0: Ball 2-0: Called Strike 2-1: Swinging Strike 2-2: Strikes out swinging, 2-3 out at first.
|
Bottom of the 5th over - 0 runs, 0 hits, 0 errors, 0 left on base; Aberdeen 1 - Vancouver 1 |
TOP OF THE 6TH |
Aberdeen Ironbirds batting - Pitching for Vancouver Canadians : RHP Bobby O'Connell
|
Batting: RHB Graham Calvert
|
0-0: Swinging Strike 0-1: Ball 1-1: Ball 2-1: SINGLE (Line Drive, 4D, EV 101.2 MPH)
|
Batting: RHB Han-seung Hah
|
0-0: Foul Ball, location: 2F 0-1: Swinging Strike 0-2: Grounds into double play, 6-4-3 (Groundball, 6, EV 89.4 MPH)
|
Batting: LHB Chris Cohen
|
0-0: Swinging Strike 0-1: Called Strike 0-2: Ball 1-2: Foul Ball, location: 2F 1-2: Foul Ball, location: 2F 1-2: Ball 2-2: Foul Ball, location: 2F 2-2: Ground out 4-3 (Groundball, 4, EV 85.0 MPH)
|
Top of the 6th over - 0 runs, 1 hit, 0 errors, 0 left on base; Aberdeen 1 - Vancouver 1 |
BOTTOM OF THE 6TH |
Vancouver Canadians batting - Pitching for Aberdeen Ironbirds : RHP Rick Bob Van Arsdale-Undercarriage
|
Batting: LHB Rodrigo Briceno
|
0-0: SINGLE (Line Drive, 7LS, EV 95.0 MPH)
|
Batting: LHB Chris Fandino
|
0-0: Called Strike 0-1: Ball 1-1: Ball 2-1: Ball 3-1: Swinging Strike 3-2: Base on Balls Rodrigo Briceno to second
|
Batting: RHB Selam Chimsima
|
0-0: Foul Ball, location: 2F 0-1: Ball 1-1: Called Strike 1-2: Ball 2-2: Fielders Choice at 2nd, 3-6 (Groundball, 34S, EV 83.8 MPH) Rodrigo Briceno to third
|
Batting: RHB Jorge Cruz
|
0-0: Ball 1-0: TRIPLE (Groundball, 3L, EV 103.1 MPH) Rodrigo Briceno scores Selam Chimsima scores
|
Batting: RHB Dan Muns
|
0-0: Called Strike 0-1: Fly out, F7 (Flyball, 78D, EV 91.2 MPH)
|
Batting: RHB Luis Reyes
|
0-0: Ball 1-0: Ground out 5-3 (Groundball, 5, EV 90.6 MPH)
|
Bottom of the 6th over - 2 runs, 2 hits, 0 errors, 1 left on base; Aberdeen 1 - Vancouver 3 |
TOP OF THE 7TH |
Aberdeen Ironbirds batting - Pitching for Vancouver Canadians : RHP Bobby O'Connell
|
Now at 2B: Jose Garza
|
|
Batting: RHB Luis Roman
|
0-0: Ball 1-0: Called Strike 1-1: Ball 2-1: Ball 3-1: Foul Ball, location: 2F 3-2: Foul Ball, location: 2F 3-2: Fly out, F8 (Flyball, 78M, EV 89.4 MPH)
|
Batting: LHB Danny Schultz
|
0-0: Ball 1-0: Ball 2-0: Called Strike 2-1: Foul Ball, location: 2F 2-2: Strikes out swinging
|
Batting: RHB Tim Cleary
|
0-0: Ball 1-0: Called Strike 1-1: Foul Ball, location: 2F 1-2: Strikes out swinging
|
Top of the 7th over - 0 runs, 0 hits, 0 errors, 0 left on base; Aberdeen 1 - Vancouver 3 |
BOTTOM OF THE 7TH |
Vancouver Canadians batting - Pitching for Aberdeen Ironbirds : RHP Rick Bob Van Arsdale-Undercarriage
|
Batting: LHB Ron de Vos
|
0-0: Foul Ball, location: 2F 0-1: Ground out 4-3 (Groundball, 4S, EV 85.6 MPH)
|
Batting: LHB Tony Vitela
|
0-0: Ball 1-0: Called Strike 1-1: Called Strike 1-2: Ground out 4-3 (Groundball, 4M, EV 103.8 MPH)
|
Batting: RHB Manny Elizondo
|
0-0: Foul Ball, location: 2F 0-1: Foul Ball, location: 2F 0-2: Strikes out looking
|
Bottom of the 7th over - 0 runs, 0 hits, 0 errors, 0 left on base; Aberdeen 1 - Vancouver 3 |
TOP OF THE 8TH |
Aberdeen Ironbirds batting - Pitching for Vancouver Canadians : RHP Bobby O'Connell
|
Pitching: LHP Mike Hayden
|
|
Now in LF: Dan Hilyer
|
|
Batting: RHB Heihachiro Fujita
|
0-0: SINGLE (Groundball, 6D, EV 101.9 MPH)
|
Batting: RHB Ryan Bentz
|
0-0: Ball 1-0: SINGLE (Groundball, 5S, EV 63.1 MPH) (infield hit) Heihachiro Fujita to second
|
Batting: RHB Chris McGuirk
|
0-0: Called Strike 0-1: Foul Ball, location: 2F 0-2: Ball 1-2: Grounds into double play, 3-6-1 (Groundball, 34, EV 110.0 MPH) Heihachiro Fujita to third
|
Batting: RHB Graham Calvert
|
0-0: Foul Ball, location: 2F 0-1: Ball 1-1: Foul Ball, location: 2F 1-2: Strikes out looking
|
Top of the 8th over - 0 runs, 2 hits, 0 errors, 1 left on base; Aberdeen 1 - Vancouver 3 |
BOTTOM OF THE 8TH |
Vancouver Canadians batting - Pitching for Aberdeen Ironbirds : RHP Rick Bob Van Arsdale-Undercarriage
|
Batting: LHB Rodrigo Briceno
|
0-0: Ball 1-0: Ball 2-0: Ball 3-0: Called Strike 3-1: Fly out, F7 (Line Drive, 7, EV 92.5 MPH)
|
Batting: LHB Chris Fandino
|
0-0: Ball 1-0: Ball 2-0: Ball 3-0: Base on Balls
|
Pitching: RHP Justin Swanson
|
|
Batting: RHB Selam Chimsima
|
0-0: Called Strike 0-1: Swinging Strike 0-2: Ball 1-2: Foul Ball, location: 2F 1-2: Strikes out swinging
|
Batting: RHB Jose Garza
|
0-0: Ball Chris Fandino is caught stealing 2nd base 2-4
|
Bottom of the 8th over - 0 runs, 0 hits, 0 errors, 0 left on base; Aberdeen 1 - Vancouver 3 |
TOP OF THE 9TH |
Aberdeen Ironbirds batting - Pitching for Vancouver Canadians : LHP Mike Hayden
|
Pitching: RHP Dave Vandehey
|
|
Now in LF: Jose Ontiveros
|
|
Now in RF: Dan Hilyer
|
|
Batting: RHB Han-seung Hah
|
0-0: Called Strike 0-1: Called Strike 0-2: Ball 1-2: Ball 2-2: Fly out, F9 (Flyball, 89S, EV 94.4 MPH)
|
Batting: LHB Chris Cohen
|
0-0: Ball 1-0: Called Strike 1-1: Called Strike 1-2: Strikes out swinging
|
Batting: RHB Luis Roman
|
0-0: Ball 1-0: Called Strike 1-1: Foul Ball, location: 2F 1-2: Foul Ball, location: 2F 1-2: Fly out, F7 (Flyball, 7D, EV 92.5 MPH)
|
Top of the 9th over - 0 runs, 0 hits, 0 errors, 0 left on base; Aberdeen 1 - Vancouver 3 |
|